 Dungeon Crawl Stone Soup version 0.22-a0-580-gd5db89c (webtiles) character file.

184 sking99 the Ruffian (level 5, -1/53 HPs)
             Began as a Troll Monk on July 3, 2018.
             Slain by an orc
             ... wielding a +0 war axe
              (6 damage)
             ... on level 6 of the Dungeon.
             The game lasted 00:02:27 (1410 turns).

sking99 the Ruffian (Troll Monk)                    Turns: 1410, Time: 00:02:27

Health: -1/53      AC:  5    Str: 19    XL:     5   Next: 36%
Magic:  4/4        EV: 10    Int:  6    God:
Gold:   145        SH:  0    Dex: 13    Spells: 4/4 levels left

rFire    . . .     SeeInvis .     - Unarmed
rCold    . . .     Gourm    +   (no shield)
rNeg     . . .     Faith    .   a - +0 robe
rPois    .         Spirit   .   (helmet restricted)
rElec    .         Reflect  .   (no cloak)
rCorr    .         Harm     .   (gloves unavailable)
MR       .....                  (boots unavailable)
Stlth    ++........             (no amulet)
HPRegen  0.57/turn              (no ring)
MPRegen  0.09/turn              (no ring)

@: no status effects
A: large, unfitting armour, claws 3, fast metabolism 3, gourmand, regeneration
1, shaggy fur 1, tough skin 2
a: no special abilities


You were on level 6 of the Dungeon.
You were very full.

You visited 1 branch of the dungeon, and saw 4 of its levels.

You collected 145 gold pieces.

Inventory:

Armour
 a - a +0 robe (worn)
Jewellery
 g - an uncursed amulet of the acrobat {unknown}
 k - a cursed ring of teleportation {unknown}
Scrolls
 d - 2 scrolls of identify {unknown}
 e - a scroll of amnesia {unknown}
 f - a scroll of blinking {unknown}
 h - 2 scrolls of teleportation {unknown}
Potions
 c - a potion of haste {unknown}
 j - 2 potions of curing {unknown}
Comestibles
 b - 6 rations
 i - 9 chunks of flesh


   Skills:
 + Level 3.5 Fighting
 - Level 2.4 Dodging
 - Level 1.0 Stealth
 * Level 5.3 Unarmed Combat


You had 4 spell levels left.
You didn't know any spells.
Your spell library was empty.

Dungeon Overview and Level Annotations

Branches:
Dungeon (3/15)

Altars:
Cheibriados
Fedhas


Innate Abilities, Weirdness & Mutations

You are too large for most types of armour.
You have claws for hands.
Your metabolism is lightning-fast.
You like to eat raw meat.
Your natural rate of healing is unusually fast.
You are covered in fur. (AC +1)
You have very tough skin. (AC +2)


Message History

The orc shouts!
The orc hits you with a falchion. The orc hits you with a flail.
You closely miss the orc. The orc completely misses you.
The orc hits you but does no damage.
The adder skeleton bites you but does no damage.
You claw the orc!
You kill the orc!
The orc barely misses you. The orc closely misses you.
The adder skeleton closely misses you.
You scratch the orc.
The orc is moderately wounded.
The orc hits you but does no damage. The orc hits you with a war axe.
The adder skeleton bites you.
You scratch the orc.
The orc is heavily wounded.
The ice beast hits you. The ice beast freezes you!
* * * LOW HITPOINT WARNING * * *
The orc hits you but does no damage. The adder skeleton barely misses you.
The orc hits you with a war axe.
You die...

. ### .... .
#.. ... . #.
#.# ..#
#.#.###.##>.#
..(........#
#.........#
#.####.).##.#
##.....ZYo...#
.......@o.####
...######.#
#.# #.# #..
#.# .#


You could see an ice beast, 2 orcs and an adder skeleton.

Vanquished Creatures
  A scorpion (D:3)
  2 orc wizards (D:3)
  An adder (D:2)
  3 worms (D:2)
  2 dart slugs (D:1)
  A leopard gecko (D:1)
  4 orcs
  10 bats
  3 giant cockroaches
  10 goblins
  5 hobgoblins
  A quokka (D:3)
  3 frilled lizards
  6 kobolds
  3 rats
55 creatures vanquished.

Notes
Turn   | Place    | Note
-------+----------+-------------------------------------------
     0 | D:1      | sking99 the Troll Monk began the quest for the Orb.
     0 | D:1      | Reached XP level 1. HP: 22/22 MP: 0/0
    89 | D:1      | Reached XP level 2. HP: 24/29 MP: 1/1
   756 | D:2      | Reached XP level 3. HP: 36/36 MP: 2/2
   778 | D:2      | Reached skill level 4 in Unarmed Combat
   999 | D:2      | Found a snail-covered altar of Cheibriados.
  1150 | D:3      | Found a blossoming altar of Fedhas.
  1298 | D:3      | Reached XP level 4. HP: 45/45 MP: 3/3
  1388 | D:3      | Reached skill level 5 in Unarmed Combat
  1388 | D:3      | Reached XP level 5. HP: 35/53 MP: 4/4
  1403 | D:3      | You fall through a shaft for 3 floors!
  1403 | D:6      | Noticed an ice beast
  1410 | D:6      | Slain by an orc

Vault maps used:
D:1:      mushboom_english_gardens
D:2:      marbit_many_paths, nicolae_underground_beach
D:3:      fedhas_altar_3, uniq_crazy_yiuf_cottage
D:6:      basic_altar, uniq_blork_the_orc

Skill      XL: |  1  2  3  4 |
---------------+-------------+-----
Unarmed Combat | 4 5 |  5.3
Fighting       | 3 |  3.5
Dodging        | |  2.4
Stealth        | |  1.0

Action                   |  1- 3 |  4- 6 || total
-------------------------+-------+-------++-------
Melee: Unarmed           |   121 |    29 ||   150
       Punch             |     1 |       ||     1
 Stab: Sleeping          |     3 |     1 ||     4
  Eat: Chunk             |    17 |     1 ||    18
Armor: Robe              |    52 |    11 ||    63
Dodge: Dodged            |    68 |    19 ||    87

Table legend:
 A = Spawn XP
 B = Non-spawn XP
 C = Spawn XP percentage of total XP
 D = Spawn monster count
 E = Non-spawn monster count
 F = Spawn count percentage of total count
 G = Total turns spent on level
                    A         B        C        D         E        F      G
               +---------+---------+-------+---------+---------+-------+---------
         Total |       0 |     264 |   0.0 |       0 |      55 |   0.0 |  1410
               +---------+---------+-------+---------+---------+-------+---------
           D:1 |       0 |      37 |   0.0 |       0 |      19 |   0.0 |   706
           D:2 |       0 |      44 |   0.0 |       0 |      15 |   0.0 |   444
           D:3 |       0 |     180 |   0.0 |       0 |      20 |   0.0 |   253
           D:6 |       0 |       3 |   0.0 |       0 |       1 |   0.0 |     7
               +---------+---------+-------+---------+---------+-------+---------
